[ AOE2 MATCH · #478858823 ]
1v1 RMWei vs Spanish
Player's team · WIN
Rival team · LOSS
[ REPLAY ANALYSIS · EXTRACTED FROM THE RECORDED GAME ]
Feudal
9:04
Castle
20:40
Imperial
44:59
| APM avg | 66.9 |
| APM peak | 98 |
| eAPM avg | 21.9 |
| Villagers / military | 137 / 18 |
Focus
⚔️ 34.6% · 🌾 65.4%
Unknown (1952) ×80 · Unknown (1944) ×37 · Unknown (1949) ×11 · Unknown (1942) ×9 · Archer ×6 · Scout Cavalry ×5
Feudal
10:58
Castle
15:18
Imperial
45:39
| APM avg | 62.3 |
| APM peak | 140 |
| eAPM avg | 33.8 |
| Villagers / military | 162 / 172 |
Focus
⚔️ 53.9% · 🌾 46.1%
Conquistador ×60 · Spearman ×53 · Skirmisher ×52 · Scorpion ×4 · Mangonel ×2 · Trebuchet (Packed) ×1
Match map
Initial resources + every placement click. Lines = walls · curves = elevation contours. ◆ gold · ⬟ stone · ● berries · ✦ relic · ◌ wall gap
Your base· ✓ Closed at 20:40 · 0t walls · 1 gate(s)
5k100 | гуляка's base· Open — 1t gap
Smoothed initial terrain · ◌ = detected wall gap · hover for details
Inputs per minute
— Bulba - - 5k100 | гуляка
Build order — Bulba
First 150 of 467 actions detected
| 0:01 | Create | Villager (Male) |
| 0:01 | Create | Villager (Male) |
| 0:02 | Create | Villager (Male) |
| 0:02 | Build | House |
| 0:04 | Build | House |
| 0:17 | Create | Villager (Male) |
| 0:38 | Build | House |
| 0:44 | Build | Lumber Camp |
| 1:29 | Create | Villager (Male) |
| 1:57 | Create | Villager (Male) |
| 2:27 | Create | Villager (Male) |
| 2:46 | Create | Villager (Male) |
| 3:15 | Create | Villager (Male) |
| 3:32 | Create | Villager (Male) |
| 3:49 | Create | Villager (Male) |
| 4:20 | Create | Villager (Male) |
| 4:27 | Create | Villager (Male) |
| 4:51 | Create | Villager (Male) |
| 5:29 | Build | Barracks |
| 5:45 | Create | Villager (Male) |
| 5:45 | Create | Villager (Male) |
| 6:48 | Build | House |
| 6:54 | Research | Feudal Age |
| 7:25 | Create | Militia |
| 7:25 | Create | Militia |
| 7:34 | Create | Villager (Male) |
| 8:07 | Research | Loom |
| 8:53 | Create | Militia |
| 9:04 | Age | Feudal Age |
| 9:12 | Build | Archery Range |
| 9:18 | Create | Villager (Male) |
| 9:28 | Research | Double-Bit Axe |
| 9:51 | Create | Villager (Male) |
| 9:58 | Build | Mining Camp |
| 10:28 | Create | Villager (Male) |
| 10:33 | Build | House |
| 10:47 | Build | House |
| 11:11 | Create | Archer |
| 11:23 | Create | Villager (Male) |
| 11:48 | Create | Archer |
| 12:21 | Create | Archer |
| 12:22 | Create | Militia |
| 12:30 | Build | Mill |
| 12:40 | Build | Watch Tower |
| 12:41 | Create | Archer |
| 12:46 | Create | Villager (Male) |
| 13:12 | Create | Archer |
| 13:19 | Create | Villager (Male) |
| 13:19 | Create | Villager (Male) |
| 13:23 | Build | Farm |
| 13:40 | Create | Archer |
| 13:46 | Build | House |
| 13:47 | Build | House |
| 13:57 | Build | Mining Camp |
| 13:57 | Build | House |
| 14:02 | Build | House |
| 14:22 | Create | Villager (Male) |
| 14:26 | Build | Farm |
| 14:28 | Build | Farm |
| 14:29 | Build | Farm |
| 14:29 | Build | Farm |
| 14:31 | Build | House |
| 14:40 | Create | Villager (Male) |
| 14:42 | Build | Farm |
| 14:50 | Build | Mining Camp |
| 14:53 | Build | Farm |
| 14:55 | Build | Farm |
| 15:24 | Create | Villager (Male) |
| 15:26 | Build | Farm |
| 15:27 | Build | Farm |
| 15:55 | Create | Villager (Male) |
| 15:55 | Create | Villager (Male) |
| 16:51 | Create | Villager (Male) |
| 17:02 | Build | Market |
| 17:17 | Build | House |
| 17:20 | Build | House |
| 17:25 | Create | Villager (Male) |
| 17:51 | Build | House |
| 18:00 | Research | Castle Age |
| 18:12 | Build | Watch Tower |
| 18:14 | Create | Skirmisher |
| 18:25 | Build | Archery Range |
| 18:38 | Build | Blacksmith |
| 19:08 | Research | Horse Collar |
| 19:39 | Research | Fletching |
| 19:42 | Create | Skirmisher |
| 19:43 | Create | Skirmisher |
| 19:45 | Build | House |
| 19:48 | Build | Palisade Gate |
| 20:22 | Build | House |
| 20:38 | Research | Wheelbarrow |
| 20:40 | Age | Castle Age |
| 20:51 | Research | Gold Mining |
| 20:58 | Create | Unit 1952 |
| 21:01 | Create | Villager (Male) |
| 21:04 | Create | Unit 1952 |
| 21:04 | Create | Unit 1952 |
| 21:15 | Create | Unit 1952 |
| 21:23 | Create | Villager (Male) |
| 21:24 | Create | Villager (Male) |
| 21:40 | Create | Unit 1952 |
| 21:47 | Create | Villager (Male) |
| 21:49 | Build | Farm |
| 21:55 | Research | Bodkin Arrow |
| 22:26 | Build | University |
| 22:49 | Create | Unit 1952 |
| 23:18 | Research | Gold Shaft Mining |
| 23:21 | Create | Unit 1952 |
| 23:21 | Create | Unit 1952 |
| 23:29 | Create | Villager (Male) |
| 23:49 | Create | Unit 1952 |
| 23:54 | Create | Villager (Male) |
| 24:16 | Create | Villager (Male) |
| 24:32 | Create | Unit 1952 |
| 24:50 | Research | Ballistics |
| 25:28 | Create | Villager (Male) |
| 25:29 | Create | Unit 1952 |
| 25:29 | Create | Unit 1952 |
| 25:30 | Create | Unit 1952 |
| 25:40 | Create | Unit 1952 |
| 25:55 | Build | Farm |
| 25:58 | Create | Villager (Male) |
| 25:58 | Create | Villager (Male) |
| 25:58 | Create | Villager (Male) |
| 26:09 | Create | Unit 1952 |
| 26:09 | Create | Unit 1952 |
| 26:22 | Create | Villager (Male) |
| 26:38 | Research | Padded Archer Armor |
| 26:42 | Create | Villager (Male) |
| 26:47 | Build | Lumber Camp |
| 26:48 | Research | Bow Saw |
| 26:57 | Create | Villager (Male) |
| 27:07 | Build | Stable |
| 27:30 | Create | Unit 1952 |
| 28:01 | Research | Bloodlines |
| 28:11 | Create | Unit 1952 |
| 28:12 | Create | Unit 1952 |
| 28:17 | Create | Unit 1952 |
| 28:18 | Create | Unit 1952 |
| 28:28 | Create | Villager (Male) |
| 28:31 | Research | Husbandry |
| 28:32 | Create | Unit 1952 |
| 28:32 | Create | Unit 1952 |
| 28:44 | Create | Villager (Male) |
| 29:01 | Build | Mill |
| 29:02 | Build | Farm |
| 29:02 | Build | Farm |
| 29:03 | Build | Farm |
| 29:46 | Create | Villager (Male) |
| 29:46 | Create | Villager (Male) |
Build order — 5k100 | гуляка
First 150 of 502 actions detected
| 0:01 | Create | Villager (Male) |
| 0:01 | Create | Villager (Male) |
| 0:01 | Create | Villager (Male) |
| 0:02 | Create | Villager (Male) |
| 0:03 | Build | House |
| 0:04 | Build | House |
| 0:05 | Build | House |
| 1:09 | Create | Villager (Male) |
| 1:50 | Build | Lumber Camp |
| 1:53 | Create | Villager (Male) |
| 2:14 | Create | Villager (Male) |
| 2:50 | Create | Villager (Male) |
| 3:18 | Create | Villager (Male) |
| 3:48 | Create | Villager (Male) |
| 3:48 | Create | Villager (Male) |
| 4:38 | Create | Villager (Male) |
| 4:38 | Create | Villager (Male) |
| 4:56 | Create | Villager (Male) |
| 4:58 | Build | Mill |
| 5:04 | Create | Villager (Male) |
| 5:14 | Build | House |
| 5:31 | Create | Villager (Male) |
| 5:58 | Create | Villager (Male) |
| 6:08 | Create | Villager (Male) |
| 6:14 | Create | Villager (Male) |
| 6:28 | Create | Villager (Male) |
| 6:29 | Create | Villager (Male) |
| 6:35 | Build | Farm |
| 6:38 | Build | Farm |
| 6:43 | Build | Farm |
| 6:44 | Create | Villager (Male) |
| 8:05 | Research | Loom |
| 8:08 | Build | Mining Camp |
| 8:23 | Build | House |
| 8:29 | Research | Feudal Age |
| 9:04 | Build | Palisade Wall |
| 9:05 | Build | Palisade Wall |
| 9:10 | Build | Palisade Wall |
| 9:15 | Create | Villager (Male) |
| 9:15 | Create | Villager (Male) |
| 9:33 | Build | Palisade Wall |
| 9:34 | Build | Palisade Wall |
| 9:36 | Build | Palisade Wall |
| 9:37 | Build | Palisade Wall |
| 10:58 | Age | Feudal Age |
| 11:01 | Create | Villager (Male) |
| 11:10 | Build | Market |
| 11:12 | Build | Blacksmith |
| 11:24 | Build | Market |
| 11:35 | Build | Mining Camp |
| 11:35 | Create | Villager (Male) |
| 11:49 | Build | Palisade Wall |
| 12:10 | Build | Palisade Wall |
| 12:14 | Build | Palisade Wall |
| 12:18 | Build | Palisade Wall |
| 12:21 | Research | Castle Age |
| 13:09 | Build | House |
| 13:13 | Build | Palisade Wall |
| 13:17 | Create | Villager (Male) |
| 13:25 | Build | House |
| 13:52 | Build | House |
| 13:56 | Build | Palisade Wall |
| 13:59 | Build | Palisade Wall |
| 14:01 | Build | Palisade Wall |
| 14:14 | Build | Palisade Wall |
| 14:24 | Research | Double-Bit Axe |
| 14:24 | Research | Horse Collar |
| 15:18 | Create | Villager (Male) |
| 15:18 | Age | Castle Age |
| 15:54 | Build | Castle |
| 15:58 | Build | Farm |
| 16:00 | Create | Villager (Male) |
| 16:57 | Create | Villager (Male) |
| 16:57 | Create | Villager (Male) |
| 17:05 | Create | Conquistador |
| 17:21 | Create | Villager (Male) |
| 17:28 | Build | Farm |
| 17:28 | Build | Farm |
| 17:30 | Build | Farm |
| 17:41 | Create | Villager (Male) |
| 17:44 | Create | Conquistador |
| 18:21 | Create | Villager (Male) |
| 18:28 | Create | Conquistador |
| 18:31 | Create | Villager (Male) |
| 18:34 | Build | Farm |
| 18:36 | Build | Farm |
| 19:13 | Create | Conquistador |
| 19:38 | Create | Villager (Male) |
| 19:51 | Build | Siege Workshop |
| 19:55 | Create | Villager (Male) |
| 19:55 | Create | Villager (Male) |
| 19:58 | Create | Villager (Male) |
| 20:21 | Build | Mining Camp |
| 20:23 | Create | Conquistador |
| 20:46 | Create | Conquistador |
| 21:11 | Create | Conquistador |
| 21:19 | Build | Farm |
| 21:19 | Build | Farm |
| 21:42 | Create | Villager (Male) |
| 21:57 | Create | Villager (Male) |
| 22:02 | Create | Conquistador |
| 22:04 | Build | Farm |
| 22:06 | Build | Farm |
| 22:22 | Create | Mangonel |
| 22:42 | Create | Conquistador |
| 23:08 | Research | Padded Archer Armor |
| 23:09 | Create | Villager (Male) |
| 23:14 | Build | House |
| 23:20 | Build | Farm |
| 23:24 | Create | Villager (Male) |
| 23:30 | Create | Conquistador |
| 23:49 | Create | Scorpion |
| 23:56 | Create | Conquistador |
| 24:26 | Create | Villager (Male) |
| 24:33 | Create | Conquistador |
| 24:33 | Create | Conquistador |
| 24:42 | Create | Conquistador |
| 25:00 | Create | Conquistador |
| 25:33 | Create | Conquistador |
| 25:49 | Create | Villager (Male) |
| 25:51 | Create | Scorpion |
| 26:15 | Create | Conquistador |
| 26:20 | Create | Villager (Male) |
| 26:40 | Create | Conquistador |
| 26:44 | Create | Scorpion |
| 26:52 | Create | Villager (Male) |
| 27:14 | Build | Castle |
| 27:16 | Create | Conquistador |
| 27:21 | Create | Villager (Male) |
| 27:31 | Create | Villager (Male) |
| 27:38 | Create | Scorpion |
| 27:54 | Create | Conquistador |
| 28:25 | Create | Villager (Male) |
| 28:26 | Create | Conquistador |
| 28:50 | Create | Villager (Male) |
| 29:02 | Create | Conquistador |
| 29:14 | Research | Leather Archer Armor |
| 29:39 | Build | Lumber Camp |
| 29:41 | Create | Villager (Male) |
| 30:09 | Create | Conquistador |
| 30:10 | Create | Villager (Male) |
| 30:24 | Create | Villager (Male) |
| 30:33 | Create | Conquistador |
| 30:47 | Create | Villager (Male) |
| 30:50 | Create | Conquistador |
| 30:50 | Create | Conquistador |
| 31:09 | Create | Conquistador |
| 31:35 | Create | Conquistador |
| 31:41 | Create | Villager (Male) |
| 31:44 | Build | Farm |
Match timeline
| 5:29 | Bulba · first_building Barracks |
| 9:04 | 5k100 | гуляка · wall_segment Palisade Wall x1 |
| 9:04 | Bulba · age_up feudal |
| 9:05 | 5k100 | гуляка · wall_segment Palisade Wall x1 |
| 9:10 | 5k100 | гуляка · wall_segment Palisade Wall x1 |
| 9:12 | Bulba · first_building Archery Range |
| 9:33 | 5k100 | гуляка · wall_segment Palisade Wall x1 |
| 9:34 | 5k100 | гуляка · wall_segment Palisade Wall x1 |
| 9:36 | 5k100 | гуляка · wall_segment Palisade Wall x1 |
| 9:37 | 5k100 | гуляка · wall_segment Palisade Wall x1 |
| 10:58 | 5k100 | гуляка · age_up feudal |
| 11:49 | 5k100 | гуляка · wall_segment Palisade Wall x1 |
| 12:10 | 5k100 | гуляка · wall_segment Palisade Wall x1 |
| 12:14 | 5k100 | гуляка · wall_segment Palisade Wall x1 |
| 12:18 | 5k100 | гуляка · wall_segment Palisade Wall x1 |
| 13:13 | 5k100 | гуляка · wall_segment Palisade Wall x5 |
| 13:56 | 5k100 | гуляка · wall_segment Palisade Wall x1 |
| 13:59 | 5k100 | гуляка · wall_segment Palisade Wall x1 |
| 14:01 | 5k100 | гуляка · wall_segment Palisade Wall x1 |
| 14:14 | 5k100 | гуляка · wall_segment Palisade Wall x1 |
| 15:18 | 5k100 | гуляка · age_up castle |
| 15:47 | 5k100 | гуляка · first_market_sell 100 wood |
| 15:48 | 5k100 | гуляка · first_market_buy 100 stone |
| 15:54 | 5k100 | гуляка · first_building Castle |
| 18:08 | Bulba · first_market_buy 100 stone |
| 19:51 | 5k100 | гуляка · first_building Siege Workshop |
| 20:40 | Bulba · age_up castle |
| 24:26 | Bulba · first_market_sell 100 food |
| 27:07 | Bulba · first_building Stable |
| 39:01 | Bulba · first_building Castle |
| 42:36 | 5k100 | гуляка · first_building Barracks |
| 43:17 | 5k100 | гуляка · first_building Archery Range |
| 43:24 | Bulba · first_building Siege Workshop |
| 44:59 | Bulba · age_up imperial |
| 45:39 | 5k100 | гуляка · age_up imperial |
| 55:20 | 5k100 | гуляка · resign |
[ AI ANALYSIS · 1 CREDIT ]
What really happened in this match?
Wolo.gg analyzes every decision: build order, eco, micro, common mistakes by bracket. Personalized analysis on WhatsApp or Discord in 30 seconds.
Civ guide
Wei
Map guide
Enclosed
Perfil
Jugador #18856921